 Dungeon Crawl Stone Soup version 0.22-a0-605-g9281fa2 (webtiles) character file.

32 sking99 the Insei (level 3, 0/29 HPs)
             Began as a Draconian Transmuter on July 8, 2018.
             Slain by a rat (1 damage)
             ... on level 2 of the Dungeon.
             The game lasted 00:01:55 (1332 turns).

sking99 the Insei (Draconian Transmuter)            Turns: 1332, Time: 00:01:56

Health: 0/29       AC:  5    Str: 12    XL:     3   Next: 10%
Magic:  6/6        EV: 12    Int: 13    God:
Gold:   133        SH:  0    Dex: 12    Spells: 3/6 levels left

rFire    . . .     SeeInvis .     - Unarmed
rCold    . . .     Gourm    .   (no shield)
rNeg     . . .     Faith    .   (armour unavailable)
rPois    .         Spirit   .   (helmet restricted)
rElec    .         Reflect  .   (no cloak)
rCorr    .         Harm     .   (no gloves)
MR       .....                  (no boots)
Stlth    +.........             (no amulet)
HPRegen  0.09/turn              (no ring)
MPRegen  0.10/turn              (no ring)

@: lethally poisoned (0 -> -3), hasted, very quick
A: unfitting armour, cold-blooded, AC +5
a: no special abilities


You were on level 2 of the Dungeon.
You were hungry.

You visited 1 branch of the dungeon, and saw 2 of its levels.

You collected 133 gold pieces.

Inventory:

Missiles
 a - 69 arrows
Scrolls
 d - a scroll of remove curse {unknown}
 e - 4 scrolls of enchant armour {unknown}
 f - 2 scrolls of identify {unknown}
Comestibles
 c - 4 rations
 h - a chunk of flesh


   Skills:
 + Level 2.1 Fighting
 - Level 1.7 Dodging
 * Level 3.9 Unarmed Combat
 - Level 2.0 Spellcasting
 - Level 2.0 Transmutations


You had 3 spell levels left.
You knew the following spells:

 Your Spells              Type           Power        Failure   Level  Hunger
a - Beastly Appendage     Tmut           #.....       11%         1    ##.....
b - Sticks to Snakes      Tmut           #.......     17%         2    ###....

Your spell library contained the following spells:

 Spells                   Type           Power        Failure   Level  Hunger
 Spider Form              Tmut/Pois      #.........   45%         3    ####...
 Blade Hands              Tmut           #.........   97%         5    ######.
 Ice Form                 Ice/Tmut       #.......     86%         4    #####..


Dungeon Overview and Level Annotations

Branches:
Dungeon (2/15)

Altars:


Innate Abilities, Weirdness & Mutations

Your plain brown scales are hard. (AC +5)
You cannot fit into any form of body armour.
You are cold-blooded and may be slowed by cold attacks.


Message History

The adder is heavily wounded.
You feel sick. The adder closely misses you.
You miss the adder.
Your tail-slap misses the adder.
The adder is heavily wounded.
The adder barely misses you.
You miss the adder.
Your tail-slap misses the adder.
The adder is heavily wounded.
You miss the adder.
Your tail-slap misses the adder.
The adder is heavily wounded.
The adder barely misses you. The rat closely misses you.
You feel sick.
There is a stone staircase leading up here.
You miss the adder.
Your tail-slap misses the adder.
The adder is heavily wounded.
The adder bites you.
* * * LOW HITPOINT WARNING * * *
You hit the adder.
Your tail-slap misses the adder.
The adder is severely wounded.
The adder closely misses you. The rat bites you.
You die...

#### #. ..# #######
#.#########.# #.....#
#.#...r...#.###.....#
#.#.#@S.>...........+
#.#.####.##.###.....#
#.#.......#...+.....#
#.#.......#####...^.##
#.'...)(..# #r......
##########.......#
##'###..
#<............#)## #.#
#.. ###############.#
#.# #.. #.# #.# #%.


You could see an adder and a rat.

Vanquished Creatures
  An ooze (D:2)
  A dart slug (D:1)
  2 hobgoblins
  3 jackals (D:2)
  3 bats (D:1)
  A frilled lizard (D:1)
  3 goblins
  2 kobolds (D:1)
  4 rats
20 creatures vanquished.

Vanquished Creatures (collateral kills)
  An adder (D:2)
1 creature vanquished.

Grand Total: 21 creatures vanquished

Notes
Turn   | Place    | Note
-------+----------+-------------------------------------------
     0 | D:1      | sking99 the Draconian Transmuter began the quest for the Orb.
     0 | D:1      | Reached XP level 1. HP: 16/16 MP: 3/3
   619 | D:1      | Reached XP level 2. HP: 21/23 MP: 5/5
   690 | D:1      | Learned a level 2 spell: Sticks to Snakes
  1120 | D:2      | Reached XP level 3. HP: 21/29 MP: 1/6
  1314 | D:2      | HP: 1/29 [poisoned by an adder]
  1331 | D:2      | HP: 1/29 [adder (4)]
  1332 | D:2      | Slain by a rat

Vault maps used:
D:1:      nicolae_arrival_memento_mori
D:2:      grunt_temple_overflow_open, first_ration

Skill      XL: |  1  2 |
---------------+-------+-----
Fighting       | 2 |  2.1
Dodging        | |  1.7
Unarmed Combat | |  3.9
Spellcasting   | |  2.0
Transmutations | |  2.0

Action                   || total
-------------------------++-------
Melee: Unarmed           ||    88
       Tailslap          ||     6
       Punch             ||     2
 Cast: Sticks to Snakes  ||     3
  Use: Potion            ||     3
  Eat: Chunk             ||     1
Armor: Skin              ||    22
Dodge: Dodged            ||    58

Table legend:
 A = Spawn XP
 B = Non-spawn XP
 C = Spawn XP percentage of total XP
 D = Spawn monster count
 E = Non-spawn monster count
 F = Spawn count percentage of total count
 G = Total turns spent on level
                    A         B        C        D         E        F      G
               +---------+---------+-------+---------+---------+-------+---------
         Total |       0 |      47 |   0.0 |       0 |      21 |   0.0 |  1332
               +---------+---------+-------+---------+---------+-------+---------
           D:1 |       0 |      18 |   0.0 |       0 |      12 |   0.0 |   891
           D:2 |       0 |      29 |   0.0 |       0 |       9 |   0.0 |   441
               +---------+---------+-------+---------+---------+-------+---------
